 Dungeon Crawl Stone Soup version 0.21.0-3-g78d12a8 (webtiles) character file.

165546 manyhoops the Fighter (level 17, -13/121 HPs)
             Began as a Gnoll Wanderer on Jan 9, 2018.
             Was the Champion of Hepliaklqana.
             Mangled by Brandom's ghost (39 damage)
             ... on level 1 of the Swamp on Jan 10, 2018.
             The game lasted 01:19:49 (30051 turns).

manyhoops the Fighter (Gnoll Wanderer)             Turns: 30051, Time: 01:19:50

Health: -13/121    AC: 18    Str: 18    XL:     17   Next: 88%
Magic:  7/32       EV: 20    Int: 16    God:    Hepliaklqana [******]
Gold:   794        SH: 13    Dex: 22    Spells: 10/38 levels left

rFire    + + +     SeeInvis +   X - +3 scimitar (flame)
rCold    + . .     Gourm    .   n - +0 shield {rF+}
rNeg     + . .     Faith    .   j - +2 ring mail {rPois}
rPois    +         Spirit   .   J - +1 hat of Wu Jian {rF++ MR- Slay+5 SInv}
rElec    .         Reflect  .   U - scarf {rC+ rF+}
rCorr    +         Harm     .   N - +2 pair of gloves of Daffodils {rN+ rCorr Slay+3 Stlth+}
MR       +....                  S - +2 pair of boots of the Assassin {Detection Stab+ Stlth++}
Stlth    ++++++++..             k - amulet of regeneration
HPRegen  0.70/turn              W - ring of protection from magic
MPRegen  0.23/turn              I - +5 ring of dexterity

@: no status effects
A: distributed training, reduced essence, fangs 1, fire resistance 1, shaggy fur
1, strong nose
a: Recall Ancestor, Ancestor Identity, Transference, Idealise, Renounce Religion


You were on level 1 of the Swamp.
You worshipped Hepliaklqana.
Hepliaklqana was exalted by your worship.
You were near starving.

You visited 5 branches of the dungeon, and saw 25 of its levels.
You also visited: Ossuary and Bailey.

You collected 2710 gold pieces.
You spent 1916 gold pieces at shops.

Inventory:

Hand Weapons
 p - a +2 hand crossbow of freezing
 Q - the +10 spear of the Desert {elec, MR+ SInv}
   (You bought it in a shop on level 2 of the Orcish Mines)

   Occasionally, upon striking a foe, it will discharge some electrical energy
   and cause terrible harm.
   It affects your resistance to hostile enchantments.
   It lets you see invisible.
 X - a +3 scimitar of flaming (weapon)
Missiles
 w - 155 bolts
 A - 2 throwing nets (quivered)
Armour
 j - a +2 ring mail of poison resistance (worn)
 n - a +0 shield of fire resistance (worn)
 J - the +1 hat of Wu Jian (worn) {rF++ MR- Slay+5 SInv}
   (You found it on level 11 of the Dungeon)

   It affects your accuracy and damage with ranged weapons and melee attacks
   (+5).
   It greatly protects you from fire.
   It affects your resistance to hostile enchantments.
   It lets you see invisible.
 N - the +2 pair of gloves of Daffodils (worn) {rN+ rCorr Slay+3 Stlth+}
   (You bought it in a shop on level 7 of the Dungeon)

   It affects your accuracy and damage with ranged weapons and melee attacks
   (+3).
   It protects you from negative energy.
   It protects you from acid and corrosion.
   It makes you more stealthy.
 S - the +2 pair of boots of the Assassin (worn) {Detection Stab+ Stlth++}
   (You bought it in a shop on level 7 of the Dungeon)

   It makes you much more stealthy.
 U - a scarf of resistance (worn)
Jewellery
 c - the ring "Ucurph" {Wiz Str+3}
   (You found it on level 14 of the Dungeon)

   [ring of wizardry]

   It improves your spell success rate.
   It affects your strength (+3).
 e - an uncursed ring of poison resistance
 k - an amulet of regeneration (around neck)
 r - an uncursed ring of resist corrosion
 y - an uncursed ring of protection from cold
 I - a +5 ring of dexterity (right hand)
 T - an uncursed ring of ice
 W - a ring of protection from magic (left hand)
Wands
 C - a wand of acid (20)
 F - a wand of clouds (2)
 H - a wand of iceblast (28)
 K - a wand of disintegration (23)
 O - a wand of digging (32)
Scrolls
 b - 2 scrolls of teleportation
 g - 11 scrolls of remove curse
 h - a scroll of summoning
 o - 6 scrolls of enchant weapon
 q - 2 scrolls of identify
 t - 6 scrolls of amnesia
 u - 3 scrolls of fog
 G - 2 scrolls of fear
 L - 5 scrolls of enchant armour
 M - 2 scrolls of immolation
 P - a scroll of magic mapping
 Y - 3 scrolls of blinking
Potions
 a - 2 potions of heal wounds
 d - 4 potions of invisibility
 i - 4 potions of mutation
 m - 10 potions of curing
 s - 7 potions of haste
 v - a potion of resistance
 x - 4 potions of flight
 z - 6 potions of ambrosia
 B - a potion of magic
 D - 2 potions of berserk rage
 R - 4 potions of might
 Z - 2 potions of brilliance
Miscellaneous
 l - a crystal ball of energy
 E - a lamp of fire
 V - a fan of gales
Comestibles
 f - 49 rations


   Skills:
 + Level 12.7 Fighting
 + Level 11.2 Short Blades
 + Level 11.4 Long Blades
 + Level 11.2 Axes
 + Level 11.2 Maces & Flails
 + Level 11.2 Polearms
 + Level 12.0 Staves
 + Level 11.2 Slings
 + Level 11.2 Bows
 + Level 11.2 Crossbows
 + Level 11.2 Throwing
 + Level 11.2 Armour
 + Level 11.4 Dodging
 + Level 11.8 Stealth
 + Level 11.2 Shields
 + Level 11.2 Unarmed Combat
 + Level 11.2 Spellcasting
 + Level 9.5 Conjurations
 + Level 9.5 Hexes
 + Level 9.5 Charms
 + Level 9.5 Summonings
 + Level 9.5 Necromancy
 + Level 9.5 Translocations
 + Level 9.5 Transmutations
 + Level 9.5 Fire Magic
 + Level 9.5 Ice Magic
 + Level 9.5 Air Magic
 + Level 9.5 Earth Magic
 + Level 9.5 Poison Magic
 + Level 12.1 Invocations
 + Level 11.4 Evocations


You had 10 spell levels left.
You knew the following spells:

 Your Spells              Type           Power        Failure   Level  Hunger
a - Blink                 Tloc           N/A          1%          2    None
b - Conjure Flame         Conj/Fire      #####...     1%          3    None
c - Mephitic Cloud        Conj/Pois/Air  #####...     1%          3    None
d - Slow                  Hex            #####...     1%          2    None
e - Summon Ice Beast      Ice/Summ       #####...     4%          4    ###....
f - Stone Arrow           Conj/Erth      #####.       1%          3    None
g - Passwall              Tmut/Erth      #####.....   1%          2    None
h - Swiftness             Chrm/Air       #####...     1%          2    None
i - Inner Flame           Hex/Fire       #####...     1%          3    None
j - Sticky Flame          Conj/Fire      #####...     4%          4    ###....


Dungeon Overview and Level Annotations

Branches:
Dungeon (15/15)            Temple (1/1) D:7            Lair (6/6) D:8
  Swamp (1/4) Lair:3       Spider (0/4) Lair:4        Slime (0/5) Lair:5
    Orc (2/2) D:12            Elf (0/3) Orc:2        Vaults (0/5) D:14
 Depths (0/5) D:15

Altars:
Ashenzari
Cheibriados
Dithmenos
Fedhas
Gozag
Hepliaklqana
Kikubaaqudgha
Okawaru
Qazlal
Sif Muna
Trog
Uskayaw
Vehumet
Wu Jian
Zin
The Shining One
Jiyva

Shops:
D:6 %   D:7 [*   Orc:2 }:*(

Annotations:
Swamp:1 Brandom's ghost, journeyman TrMo


Innate Abilities, Weirdness & Mutations

Your experience applies equally to all skills.
You have very sharp teeth.
Your uncanny sense of smell can sniff out nearby items.
Your life essence is reduced to manifest your ancestor. (-10% HP)
Your flesh is heat resistant. (rF+)
You are covered in fur. (AC +1)


Message History

Brandom's ghost hits you!!
* * * LOW HITPOINT WARNING * * *
Your ice beast barely misses Brandom's ghost.
You miss Brandom's ghost.
Your ice beast hits Brandom's ghost but does no damage.
Unknown command.
Unknown command.
You slash Brandom's ghost! You burn Brandom's ghost.
Your bite misses Brandom's ghost.
Brandom's ghost is lightly damaged.
Your ice beast hits Brandom's ghost but does no damage.
You block Brandom's ghost's attack.
Your ice beast hits Brandom's ghost but does no damage.
Unknown command.
You slash Brandom's ghost! You burn Brandom's ghost.
Your bite misses Brandom's ghost.
Brandom's ghost is lightly damaged.
Your ice beast completely misses Brandom's ghost.
Brandom's ghost hits you!!!
You die...

≈≈≈≈≈≈≈.≈≈≈..≈...≈≈♣♣...
♣..≈≈≈.≈≈≈≈≈≈≈≈.≈......≈..≈
♣≈.....≈≈≈.≈≈≈.♣≈..†≈≈...≈≈
♣..≈≈≈≈≈≈......♣...≈≈≈.♣.≈≈
≈.≈≈≈≈≈≈≈≈.♣...†...≈≈≈..≈≈≈
≈..≈≈.≈≈≈≈.≈♣..≈♣≈≈≈≈...≈≈≈
♣≈....§≈≈#†......≈≈≈≈.♣≈.≈≈
♣≈≈.≈..≈##Y..≈......≈..♣♣.≈
♣≈≈.W@.....≈........♣.
♣..≈§≈..##Y≈...≈≈≈≈.≈≈≈≈.≈♣
...≈.≈..!#..≈..≈≈≈≈≈≈≈≈≈≈..
♣.≈......#.....≈≈≈≈≈≈≈≈≈≈≈.
♣≈.≈....##.....≈..≈≈≈≈≈≈≈≈≈
.##########.#.##.≈≈≈≈≈≈≈≈≈.
..#####≈≈≈≈≈≈≈≈≈.
........<≈≈≈.≈≈≈.
.).≈....≈≈≈...≈.


You could see Brandom's ghost and 2 friendly ice beasts.

Vanquished Creatures
  Rupert (Lair:3)
  A fire giant (D:15)
  The ghost of nuthulu the Peltast, a journeyman GrFi of Okawaru (Orc:2)
  Nessos (Lair:6)
  3 dire elephants (Lair:6)
  Azrael (D:14)
  An ettin (D:11)
  Josephine (Lair:4)
  4 ogre magi
  A vault guard (D:14)
  The ghost of Quirk the Blocker, a journeyman GnFi of Okawaru (D:10)
  5 hydras
  An anaconda (Lair:6)
  2 catoblepae (Lair:4)
  A death knight (D:15)
  6 centaur warriors
  27 two-headed ogres
  5 death yaks (Lair:5)
  3 alligators (Swamp:1)
  A tengu warrior (D:11)
  A spriggan (Swamp:1)
  A skeletal warrior (D:15)
  An unseen horror (D:11)
  A swamp dragon (Swamp:1)
  A lindwurm (Lair:6)
  2 wizards (D:14)
  A phantasmal warrior (D:15)
  A necromancer (D:14)
  2 orc sorcerers
  A wolf spider zombie (D:15)
  9 ugly things
  4 manticores
  20 elephants
  3 deep elf magi
  A cyclops (Orc:2)
  7 slime creatures
  A guardian serpent (shapeshifter) (D:14)
  6 black mambas
  A torpor snail (Lair:6)
  A gargoyle (D:11)
  3 centaur skeletons
  10 spiny frogs
  A yaktaur (D:11)
  5 komodo dragons
  An efreet (D:11)
  9 trolls
  A polar bear (Lair:6)
  A hornet (Swamp:1)
  6 blink frogs
  A hornet (shapeshifter) (D:13)
  5 hippogriffs
  2 bog bodies (Swamp:1)
  A vampire (D:11)
  5 wyverns
  5 wraiths
  19 humans
  34 yaks
  4 hungry ghosts
  4 hogs (D:7)
  A hog (shapeshifter) (D:14)
  3 fire elementals (D:14)
  A steam dragon (D:11)
  8 basilisks
  A swamp worm (Swamp:1)
  15 vampire mosquitoes
  2 soldier ants
  2 wargs (Orc:2)
  2 acid dragons (D:11)
  8 porcupines
  4 hell hounds (D:14)
  Duvessa (D:7)
  13 water moccasins
  A hornet zombie (D:11)
  26 orc warriors
  A swamp drake (D:11)
  2 black bears (D:11)
  2 eyes of draining
  6 ice beasts
  A necrophage (D:8)
  3 sky beasts (D:11)
  4 phantoms
  9 wolves
  29 ogres
  10 crocodiles
  25 centaurs
  2 elf zombies (Ossuary)
  17 bullfrogs
  14 big kobolds
  2 wyvern skeletons
  Dowan (D:7)
  6 gnoll sergeants
  A hexer (Lair:5)
  7 scorpions
  12 killer bees
  8 wights
  An electric eel (Lair:2)
  4 howler monkeys
  4 bullfrog zombies
  6 crimson imps
  7 orc priests
  3 bullfrog skeletons
  14 hounds
  3 human zombies (Ossuary)
  9 centaur zombies
  Crazy Yiuf (D:4)
  5 jellies
  An iron imp (D:11)
  23 orc wizards
  5 iguanas
  11 worker ants
  A hound zombie (D:6)
  2 hound skeletons
  3 mummies (Ossuary)
  2 howler monkey zombies
  2 worker ant zombies (D:11)
  11 gnolls
  5 adders
  A shadow imp (D:10)
  A white imp (D:11)
  2 oozes
  2 adder skeletons (D:5)
  2 adder zombies
  3 worms
  4 dart slugs
  7 leopard geckos
  75 orcs
  11 giant cockroaches
  9 goblins
  6 hobgoblins
  11 jackals
  2 quokkas
  3 ball pythons
  8 bats
  3 frilled lizards (D:2)
  A goblin zombie (D:7)
  A jackal skeleton (D:7)
  41 kobolds
  A leopard gecko skeleton (D:6)
  2 quokka skeletons
  8 rats
  A rat zombie (D:7)
  3 plants (Lair:6)
830 creatures vanquished.

Vanquished Creatures (collateral kills)
  Gastronok (D:9)
  An orc warlord (Orc:2)
  The ghost of ThereIsNoGod the Jinx, a journeyman OpEE of Okawaru (Lair:5)
  2 hydras
  2 two-headed ogres (Orc:1)
  A death yak (Lair:6)
  An ogre mage (Orc:2)
  A swamp dragon (Swamp:1)
  A slime creature (D:14)
  2 elephants (Lair:3)
  2 black mambas
  A spiny frog (Lair:6)
  A centaur skeleton (D:15)
  A tengu conjurer (D:11)
  2 blink frogs
  A polar bear (Lair:6)
  A hippogriff (D:10)
  2 yaks
  2 wraiths (Lair:4)
  2 humans (D:14)
  A wyvern (D:15)
  A basilisk (D:11)
  A steam dragon (D:11)
  A vampire mosquito (Lair:3)
  A swamp worm (Swamp:1)
  2 water moccasins
  A swamp drake (Swamp:1)
  An ogre (Orc:2)
  2 orc warriors
  3 wolves
  2 centaurs
  3 crocodiles
  3 bullfrogs
  A gnoll sergeant (D:11)
  A scorpion (D:14)
  A killer bee (D:10)
  An electric eel (Lair:3)
  A jelly (D:8)
  A hound (D:11)
  3 orc wizards
  An iguana (D:9)
  A worker ant (D:14)
  A hound zombie (D:9)
  A worker ant zombie (D:8)
  A shadow imp (D:11)
  An adder skeleton (D:9)
  18 orcs
  10 kobolds
  A fungus (Lair:6)
  A plant (Lair:6)
95 creatures vanquished.

Vanquished Creatures (others)
  A centaur (D:11)
  A bullfrog skeleton (D:11)
  3 ancestors
  25 hexers
  2 orc wizards (D:11)
  A hound zombie (D:11)
  2 orcs (D:11)
  A quokka (D:11)
  12 fungi
  19 plants
67 creatures vanquished.

Grand Total: 992 creatures vanquished

Notes
Turn   | Place    | Note
-------+----------+-------------------------------------------
     0 | D:1      | manyhoops the Gnoll Wanderer began the quest for the Orb.
     0 | D:1      | manyhoops set off with: a +2 falchion, a scroll of teleportation, a wand of random effects (15), a +0 robe, a +0 dagger, a ration
     0 | D:1      | Reached XP level 1. HP: 23/23 MP: 2/2
    59 | D:1      | Reached XP level 2. HP: 29/29 MP: 3/3
   259 | D:1      | Reached XP level 3. HP: 20/35 MP: 4/4
   665 | D:2      | Found a glowing golden altar of the Shining One.
   684 | D:2      | Reached skill level 1 in Invocations
   892 | D:2      | Reached skill level 1 in Short Blades
   892 | D:2      | Reached skill level 1 in Axes
   892 | D:2      | Reached skill level 1 in Maces & Flails
   892 | D:2      | Reached skill level 1 in Polearms
   892 | D:2      | Reached skill level 1 in Slings
   892 | D:2      | Reached skill level 1 in Bows
   892 | D:2      | Reached skill level 1 in Crossbows
   892 | D:2      | Reached skill level 1 in Throwing
   892 | D:2      | Reached skill level 1 in Armour
   892 | D:2      | Reached skill level 1 in Shields
   892 | D:2      | Reached skill level 1 in Unarmed Combat
   892 | D:2      | Reached skill level 1 in Spellcasting
  1002 | D:2      | Reached XP level 4. HP: 30/41 MP: 6/6
  2029 | D:3      | Reached skill level 1 in Conjurations
  2029 | D:3      | Reached skill level 1 in Hexes
  2029 | D:3      | Reached skill level 1 in Charms
  2029 | D:3      | Reached skill level 1 in Summonings
  2029 | D:3      | Reached skill level 1 in Necromancy
  2029 | D:3      | Reached skill level 1 in Translocations
  2029 | D:3      | Reached skill level 1 in Transmutations
  2029 | D:3      | Reached skill level 1 in Fire Magic
  2029 | D:3      | Reached skill level 1 in Ice Magic
  2029 | D:3      | Reached skill level 1 in Air Magic
  2029 | D:3      | Reached skill level 1 in Earth Magic
  2029 | D:3      | Reached skill level 1 in Poison Magic
  2215 | D:3      | Reached XP level 5. HP: 47/47 MP: 7/7
  3153 | D:4      | Reached XP level 6. HP: 41/53 MP: 8/8
  3362 | D:4      | Reached skill level 5 in Staves
  3387 | D:4      | Found a deep blue altar of Sif Muna.
  3441 | D:4      | Reached XP level 7. HP: 29/59 MP: 10/10
  3471 | D:4      | Found a runed door.
  3652 | D:4      | Noticed Crazy Yiuf
  3684 | D:4      | Killed Crazy Yiuf
  3865 | D:5      | Entered Level 5 of the Dungeon
  4260 | D:5      | Reached skill level 5 in Stealth
  4456 | D:5      | Reached XP level 8. HP: 67/67 MP: 12/12
  4789 | D:5      | Found a snail-covered altar of Cheibriados.
  5516 | D:6      | Found a stormy altar of Qazlal.
  5526 | D:6      | Found Pann's Food Shoppe.
  5738 | D:6      | Found a bloodstained altar of Trog.
  5740 | D:6      | Found a snail-covered altar of Cheibriados.
  6041 | D:6      | Found an ornate altar of the Wu Jian Council.
  6196 | D:7      | Noticed a wyvern
  6210 | D:7      | Killed a wyvern
  6210 | D:7      | Reached XP level 9. HP: 65/72 MP: 14/14
  6262 | D:7      | Found Zin's Purification Station.
  6262 | D:7      | Found a glowing silver altar of Zin.
  6306 | D:7      | Found a sand-covered staircase.
  6315 | Ossuary  | Entered an ossuary
  7105 | D:7      | Reached skill level 5 in Long Blades
  7105 | D:7      | Reached skill level 5 in Dodging
  7105 | D:7      | Reached skill level 5 in Evocations
  7238 | D:7      | Found Bypruofiulo's Armour Emporium.
  7277 | D:7      | Noticed Duvessa
  7282 | D:7      | Noticed Dowan
  7291 | D:7      | Killed Dowan
  7416 | D:7      | Reached skill level 5 in Invocations
  7460 | D:7      | Killed Duvessa
  7752 | D:7      | Reached XP level 10. HP: 76/80 MP: 17/17
  8319 | D:7      | Found a staircase to the Ecumenical Temple.
  8328 | Temple   | Entered the Ecumenical Temple
  8344 | Temple   | Became a worshipper of Hepliaklqana the Forgotten
  8407 | D:7      | Reached skill level 5 in Short Blades
  8407 | D:7      | Reached skill level 5 in Axes
  8407 | D:7      | Reached skill level 5 in Maces & Flails
  8407 | D:7      | Reached skill level 5 in Polearms
  8407 | D:7      | Reached skill level 5 in Slings
  8407 | D:7      | Reached skill level 5 in Bows
  8407 | D:7      | Reached skill level 5 in Crossbows
  8407 | D:7      | Reached skill level 5 in Throwing
  8407 | D:7      | Reached skill level 5 in Armour
  8407 | D:7      | Reached skill level 5 in Shields
  8407 | D:7      | Reached skill level 5 in Unarmed Combat
  8407 | D:7      | Reached skill level 5 in Spellcasting
  8720 | D:8      | Found a staircase to the Lair.
  8791 | D:8      | Learned a level 2 spell: Blink
  8795 | D:8      | Learned a level 3 spell: Conjure Flame
  8799 | D:8      | Learned a level 3 spell: Mephitic Cloud
  8802 | D:8      | Learned a level 2 spell: Slow
  8805 | D:8      | Learned a level 2 spell: Call Imp
  8811 | D:8      | Noticed a two-headed ogre
  8821 | D:8      | Killed a two-headed ogre
  9133 | D:9      | Noticed Gastronok
  9165 | D:9      | Noticed a two-headed ogre
  9426 | D:8      | Killed a two-headed ogre
  9513 | D:9      | Killed Gastronok
  9513 | D:9      | Reached XP level 11. HP: 80/80 MP: 15/20
  9580 | D:9      | Reached * piety under Hepliaklqana
  9595 | D:9      | Noticed a two-headed ogre
  9607 | D:9      | Killed a two-headed ogre
  9607 | D:9      | Reached skill level 5 in Conjurations
  9607 | D:9      | Reached skill level 5 in Hexes
  9607 | D:9      | Reached skill level 5 in Charms
  9607 | D:9      | Reached skill level 5 in Summonings
  9607 | D:9      | Reached skill level 5 in Necromancy
  9607 | D:9      | Reached skill level 5 in Translocations
  9607 | D:9      | Reached skill level 5 in Transmutations
  9607 | D:9      | Reached skill level 5 in Fire Magic
  9607 | D:9      | Reached skill level 5 in Ice Magic
  9607 | D:9      | Reached skill level 5 in Air Magic
  9607 | D:9      | Reached skill level 5 in Earth Magic
  9607 | D:9      | Reached skill level 5 in Poison Magic
 10181 | D:10     | Entered Level 10 of the Dungeon
 10270 | D:10     | Reached ** piety under Hepliaklqana
 10290 | D:10     | Remembered your ancestor Amnanu as a hexer
 10484 | D:10     | Noticed Quirk's ghost (journeyman GnFi)
 10519 | D:10     | Killed Quirk's ghost
 11075 | Lair:1   | Entered Level 1 of the Lair of Beasts
 11420 | Lair:1   | Reached XP level 12. HP: 65/86 MP: 22/22
 11885 | Lair:1   | Reached *** piety under Hepliaklqana
 12198 | D:7      | Bought the +2 pair of boots of the Assassin {Detection Stab+ Stlth++} for 660 gold pieces
 12198 | D:7      | Found the +2 pair of boots of the Assassin {Detection Stab+ Stlth++}
 13352 | Lair:2   | Noticed a five-headed hydra
 13383 | Lair:2   | Killed a ten-headed hydra
 13730 | Lair:3   | Noticed an eight-headed hydra
 13733 | Lair:3   | Killed a nine-headed hydra
 13733 | Lair:3   | Reached skill level 10 in Fighting
 13845 | Lair:3   | Reached XP level 13. HP: 57/92 MP: 24/24
 14061 | Lair:3   | Found an ancient bone altar of Kikubaaqudgha.
 14234 | Lair:3   | Noticed Rupert
 14249 | Lair:3   | Paralysed by Rupert for 4 turns
 14256 | Lair:3   | Killed Rupert
 14341 | Lair:3   | Found a staircase to the Swamp.
 14567 | Lair:3   | Reached **** piety under Hepliaklqana
 15608 | Lair:4   | Noticed Josephine
 15722 | Lair:4   | Killed Josephine
 15749 | Lair:4   | Found a hole to the Spider Nest.
 15815 | Lair:4   | Found a shattered altar of Ashenzari.
 16273 | Lair:5   | Noticed ThereIsNoGod's ghost (journeyman OpEE)
 16292 | Lair:5   | Killed ThereIsNoGod's ghost
 16292 | Lair:5   | Reached XP level 14. HP: 99/99 MP: 26/26
 16337 | Lair:5   | Reached ***** piety under Hepliaklqana
 16475 | Lair:5   | Found a viscous altar of Jiyva.
 16475 | Lair:5   | Found a staircase to the Slime Pits.
 16797 | Lair:6   | Entered Level 6 of the Lair of Beasts
 16984 | Lair:6   | Noticed Nessos
 17001 | Lair:6   | Killed Nessos
 17001 | Lair:6   | Reached skill level 10 in Staves
 18218 | Lair:5   | Reached skill level 10 in Stealth
 18713 | Lair:6   | Reached skill level 10 in Invocations
 18815 | Lair:6   | Learned a level 3 spell: Stone Arrow
 18818 | Lair:6   | Learned a level 2 spell: Passwall
 18821 | Lair:6   | Learned a level 2 spell: Swiftness
 19537 | Lair:6   | Noticed a dire elephant
 19559 | Lair:6   | Killed a dire elephant
 19726 | Lair:6   | Noticed a dire elephant
 19726 | Lair:6   | Noticed a dire elephant
 19769 | Lair:6   | Killed a dire elephant
 19889 | Lair:6   | Killed a dire elephant
 20525 | Lair:5   | Got a translucent short sword
 20526 | Lair:5   | Identified the +3 short sword of Satyriasis {freeze, rElec Str-3 Dex+3} (You found it on level 5 of the Lair of Beasts)
 20988 | D:11     | Reached XP level 15. HP: 49/107 MP: 21/28
 21389 | D:11     | Reached skill level 10 in Long Blades
 21389 | D:11     | Reached skill level 10 in Dodging
 21389 | D:11     | Reached skill level 10 in Evocations
 21817 | D:11     | Learned a level 3 spell: Inner Flame
 21822 | D:11     | Learned a level 4 spell: Sticky Flame
 21959 | D:11     | Got an ichor-stained hat
 21970 | D:11     | Identified the +1 hat of Wu Jian {rF++ MR- Slay+5 SInv} (You found it on level 11 of the Dungeon)
 22190 | D:7      | Bought the +2 pair of gloves of Daffodils {rN+ rCorr Slay+3 Stlth+} for 513 gold pieces
 22867 | D:12     | You fall through a shaft for 2 floors!
 22923 | D:14     | Found a blossoming altar of Fedhas.
 22924 | D:14     | Noticed Azrael
 22964 | D:14     | Killed Azrael
 22966 | D:14     | Reached skill level 10 in Short Blades
 22966 | D:14     | Reached skill level 10 in Axes
 22966 | D:14     | Reached skill level 10 in Maces & Flails
 22966 | D:14     | Reached skill level 10 in Polearms
 22966 | D:14     | Reached skill level 10 in Slings
 22966 | D:14     | Reached skill level 10 in Bows
 22966 | D:14     | Reached skill level 10 in Crossbows
 22966 | D:14     | Reached skill level 10 in Throwing
 22966 | D:14     | Reached skill level 10 in Armour
 22966 | D:14     | Reached skill level 10 in Shields
 22966 | D:14     | Reached skill level 10 in Unarmed Combat
 22966 | D:14     | Reached skill level 10 in Spellcasting
 22993 | D:14     | Got a brightly glowing turquoise ring
 22999 | D:14     | Identified the ring "Ucurph" {Wiz Str+3} (You found it on level 14 of the Dungeon)
 23156 | D:13     | Found a flagged portal.
 23166 | Bailey   | Entered a bailey
 23513 | Bailey   | Learned a level 4 spell: Summon Ice Beast
 24323 | D:13     | Reached ****** piety under Hepliaklqana
 24508 | D:13     | Found a shattered altar of Ashenzari.
 24651 | D:13     | Got a vibrating bone ring
 24653 | D:13     | Identified the cursed ring "Ehastruu" {+Inv rElec AC-2 SInv} (You found it on level 13 of the Dungeon)
 25641 | D:14     | Found a gate to the Vaults.
 25887 | D:14     | Reached XP level 16. HP: 114/114 MP: 30/30
 25978 | D:15     | Entered Level 15 of the Dungeon
 26342 | D:15     | Reached XP level 17. HP: 119/119 MP: 31/31
 26351 | D:15     | Found a staircase to the Depths.
 27876 | D:12     | Found a staircase to the Orcish Mines.
 27931 | Orc:1    | Entered Level 1 of the Orcish Mines
 28119 | Orc:2    | Entered Level 2 of the Orcish Mines
 28492 | Orc:2    | Noticed nuthulu's ghost (journeyman GrFi)
 28509 | Orc:2    | Killed nuthulu's ghost
 28525 | Orc:2    | Found Zeich's Gadget Boutique.
 28525 | Orc:2    | Found Telaej's Book Emporium.
 28526 | Orc:2    | Found Womeh's General Store.
 28526 | Orc:2    | Found Pokhopn's Weapon Shop.
 28550 | Orc:2    | Bought the +10 spear of the Desert {elec, MR+ SInv} for 743 gold pieces
 28550 | Orc:2    | Gained mutation: Your flesh is heat resistant. (rF+) [potion of mutation]
 28550 | Orc:2    | Gained mutation: You are covered in fur. (AC +1) [potion of mutation]
 28574 | Orc:2    | Found a staircase to the Elven Halls.
 29657 | D:11     | Identified the +6 hand axe of Accord {vamp, rF+ rC- Int+8 Stlth+} (You took it off a tengu conjurer on level 11 of the Dungeon)
 29774 | Swamp:1  | Entered Level 1 of the Swamp
 30040 | Swamp:1  | Noticed Brandom's ghost (journeyman TrMo)
 30051 | Swamp:1  | Mangled by Brandom's ghost

Skill      XL: |  1  2  3  4  5  6  7  8  9 10 11 12 13 14 15 16 17 |
---------------+----------------------------------------------------+-----
Invocations    | 1 2 3 4 5 6 7 8 9 10 11 12 | 12.1
Short Blades   | 1 2 3 4 6 7 8 9 10 11 | 11.2
Axes           | 1 2 3 4 6 7 8 9 10 11 | 11.2
Maces & Flails | 1 2 3 4 6 7 8 9 10 11 | 11.2
Polearms       | 1 2 3 4 6 7 8 9 10 11 | 11.2
Slings         | 1 2 3 4 6 7 8 9 10 11 | 11.2
Bows           | 1 2 3 4 6 7 8 9 10 11 | 11.2
Crossbows      | 1 2 3 4 6 7 8 9 10 11 | 11.2
Throwing       | 1 2 3 4 6 7 8 9 10 11 | 11.2
Armour         | 1 2 3 4 6 7 8 9 10 11 | 11.2
Shields        | 1 2 3 4 6 7 8 9 10 11 | 11.2
Unarmed Combat | 1 2 3 4 6 7 8 9 10 11 | 11.2
Spellcasting   | 1 2 3 4 6 7 8 9 10 11 | 11.2
Conjurations   | 1 2 3 4 5 6 7 8 9 |  9.5
Hexes          | 1 2 3 4 5 6 7 8 9 |  9.5
Charms         | 1 2 3 4 5 6 7 8 9 |  9.5
Summonings     | 1 2 3 4 5 6 7 8 9 |  9.5
Necromancy     | 1 2 3 4 5 6 7 8 9 |  9.5
Translocations | 1 2 3 4 5 6 7 8 9 |  9.5
Transmutations | 1 2 3 4 5 6 7 8 9 |  9.5
Fire Magic     | 1 2 3 4 5 6 7 8 9 |  9.5
Ice Magic      | 1 2 3 4 5 6 7 8 9 |  9.5
Air Magic      | 1 2 3 4 5 6 7 8 9 |  9.5
Earth Magic    | 1 2 3 4 5 6 7 8 9 |  9.5
Poison Magic   | 1 2 3 4 5 6 7 8 9 |  9.5
Long Blades    | 3 4 5 6 7 8 9 10 11 | 11.4
Dodging        | 3 4 5 6 7 8 9 10 11 | 11.4
Evocations     | 3 4 5 6 7 8 9 10 11 | 11.4
Staves         | 5 6 7 8 9 10 11 12 | 12.0
Fighting       | 7 8 9 10 11 12 | 12.7
Stealth        | 5 6 7 8 9 10 11 | 11.8

Action                   |  1- 3 |  4- 6 |  7- 9 | 10-12 | 13-15 | 16-18 || total
-------------------------+-------+-------+-------+-------+-------+-------++-------
Melee: Falchion          |    73 |   141 |   398 |       |       |       ||   612
       Bite              |     9 |    16 |    86 |   109 |   275 |    68 ||   563
       Scimitar          |       |       |    58 |   621 |  1203 |   323 ||  2205
       Punch             |       |       |       |       |     1 |       ||     1
       Spear             |       |       |       |       |       |   108 ||   108
 Fire: Hand crossbow     |       |       |   101 |    39 |    38 |     3 ||   181
Throw: Javelin           |       |     7 |       |       |     2 |       ||     9
       Throwing net      |       |     1 |       |       |       |     1 ||     2
 Cast: Conjure Flame     |       |       |       |     6 |    11 |     1 ||    18
       Call Imp          |       |       |       |     9 |    10 |       ||    19
       Mephitic Cloud    |       |       |       |     3 |    10 |     1 ||    14
       Blink             |       |       |       |     1 |       |       ||     1
       Stone Arrow       |       |       |       |       |    40 |    22 ||    62
       Passwall          |       |       |       |       |     1 |       ||     1
       Inner Flame       |       |       |       |       |       |     5 ||     5
       Summon Ice Beast  |       |       |       |       |       |    10 ||    10
Invok: Ancestor Life: He |       |       |       |     1 |       |       ||     1
       Transference      |       |       |       |     1 |       |       ||     1
       Recall Ancestor   |       |       |       |       |     4 |     3 ||     7
Evoke: Wand              |       |       |     3 |       |     3 |       ||     6
       Lamp of fire      |       |       |       |     1 |     2 |       ||     3
       Fan of gales      |       |       |       |       |     1 |       ||     1
  Use: Potion            |       |       |     7 |     7 |     7 |     2 ||    23
       Scroll            |       |       |    13 |     8 |    12 |     4 ||    37
 Stab: Sleeping          |     9 |    10 |    10 |    13 |    50 |    14 ||   106
       Distracted        |       |       |       |    16 |    23 |     5 ||    44
       Confused          |       |       |       |     2 |    17 |     2 ||    21
       Paralysed         |       |       |       |       |    10 |     6 ||    16
  Eat: Chunk             |       |     7 |    12 |     6 |    23 |     4 ||    52
       Ration            |       |       |     1 |     5 |     5 |     3 ||    14
Armor: Robe              |    13 |    10 |       |       |       |       ||    23
       Ring mail         |       |    33 |   136 |   271 |   358 |    56 ||   854
       Skin              |       |       |    35 |       |       |       ||    35
Dodge: Dodged            |    46 |    92 |   262 |   557 |   845 |   196 ||  1998
Block: Buckler           |     8 |    29 |   128 |   225 |   285 |       ||   675
       Shield            |       |       |       |       |   242 |   208 ||   450
       Rpst.: Falchion   |    25 |    27 |    60 |       |       |       ||   112
       Scimitar          |       |       |     9 |   154 |   184 |    46 ||   393
